 Dungeon Crawl Stone Soup version 0.30-a0-711-gf4ac18a38d (webtiles) character file.

Game seed: 1643166627226405373

258 avis the Shooter (level 5, 0/46 HPs)
             Began as a Demigod Hunter on Jan 22, 2023.
             Slain by an ogre
             ... wielding a +0 giant club
              (12 damage)
             ... on level 5 of the Dungeon.
             The game lasted 00:12:12 (3662 turns).

avis the Shooter (Demigod Hunter)                   Turns: 3662, Time: 00:12:13

Health: 0/46       AC:  5    Str: 12    XL:     5   Next: 62%
Magic:  16/16      EV: 13    Int: 11    God:
Gold:   213        SH:  0    Dex: 21    Spells: 4/4 levels left

rFire   . . .      SeeInvis .    b - +0 shortbow
rCold   . . .      Faith    .    (shield currently unavailable)
rNeg    + . .      Spirit   .    c - +0 leather armour
rPois   .          Reflect  .    p - +0 helmet
rElec   .          Harm     .    (no cloak)
rCorr   .          Rampage  .    D - +0 pair of gloves
Will    .....                    (no boots)
Stlth   ++                       q - amulet of regeneration
HPRegen 1.07/turn                k - ring of magical power
MPRegen 0.15/turn                y - ring of positive energy

@: no status effects
A: high MP 1, forlorn, divine attributes
a: no special abilities


You were on level 5 of the Dungeon.
You visited 1 branch of the dungeon, and saw 5 of its levels.

You collected 213 gold pieces.

Inventory:

Hand Weapons
 a - a +1 dagger of draining
 b - a +0 shortbow (weapon)
Missiles
 e - 11 poisoned darts
 o - 2 javelins
 x - 5 curare-tipped darts
Armour
 c - a +0 leather armour (worn)
 p - a +0 helmet (worn)
 D - a +0 pair of gloves (worn)
Magical Staves
 u - a staff of fire
Jewellery
 k - a ring of magical power (left hand)
 q - an amulet of regeneration (around neck)
 y - a ring of positive energy (right hand)
 z - a ring of fire
 C - a ring of protection from cold
Wands
 B - a wand of digging (1)
Scrolls
 d - a scroll of amnesia {unknown}
 h - 5 scrolls of identify {unknown}
 i - a scroll of butterflies {unknown}
 j - a scroll of blinking {unknown}
 r - a scroll of noise {unknown}
 s - a scroll of immolation
 t - a scroll of magic mapping {unknown}
 v - 2 scrolls of teleportation {unknown}
Potions
 f - 3 potions of heal wounds {unknown}
 g - a potion of curing {unknown}
 l - 2 potions of degeneration {unknown}
 m - 3 potions of attraction {unknown}
 n - 2 potions of brilliance {unknown}
 w - a potion of might {unknown}
 A - a potion of lignification {unknown}


   Skills:
 - Level 4.0 Fighting
 * Level 4.5 Ranged Weapons
 - Level 3.0 Dodging
 - Level 2.0 Stealth


You had 4 spell levels left.
You didn't know any spells.
Your spell library contained the following spells:

 Spells                   Type           Power      Damage    Failure   Level
 Slow                     Hex            0%         N/A       41%         1
 Sublimation of Blood     Necr           0%         N/A       56%         2
 Confusing Touch          Hex            0%         N/A       80%         3
 Vampiric Draining        Necr           0%         2d6       80%         3
 Petrify                  Tmut/Erth      0%         N/A       99%         4
 Irradiate                Conj/Tmut      0%         3d11      100%        5


Dungeon Overview and Level Annotations

Branches:
Dungeon (5/15)             Temple (0/1) D:5


Innate Abilities, Weirdness & Mutations

You have an increased reservoir of magic. (+10% MP)
You shall have no god before yourself.
Your divine heritage dramatically boosts your attributes as you level up.


Message History

You shoot an arrow. The arrow hits the scorpion!
You kill the scorpion!
An ogre comes into view. It is wielding a +0 giant club.
The ogre moves out of view.
Fire: b) +0 shortbow
Press: ? - help, Q - select action, (/) - cycle Shift-Dir - straight line, f - ogre
Aim: an ogre, wielding a +0 giant club (79% to hit)
You shoot an arrow. The arrow hits the ogre.
The ogre is moderately wounded.
Fire: b) +0 shortbow
Press: ? - help, Q - select action, (/) - cycle Shift-Dir - straight line, f/p - ogre
Aim: an ogre, wielding a +0 giant club (moderately wounded, 79% to hit)
You shoot an arrow. The arrow closely misses the ogre.
Fire: b) +0 shortbow
Press: ? - help, Q - select action, (/) - cycle Shift-Dir - straight line, f/p - ogre
Aim: an ogre, wielding a +0 giant club (moderately wounded, 79% to hit)
You shoot an arrow. The arrow hits the ogre.
The ogre is moderately wounded.
Fire: b) +0 shortbow
Press: ? - help, Q - select action, (/) - cycle Shift-Dir - straight line, f/p - ogre
Aim: an ogre, wielding a +0 giant club (moderately wounded, 79% to hit)
You shoot an arrow. The arrow barely misses the ogre.
The ogre hits you with a +0 giant club!
Fire: b) +0 shortbow
Press: ? - help, Q - select action, (/) - cycle Shift-Dir - straight line, f/p - ogre
Aim: an ogre, wielding a +0 giant club (moderately wounded, 79% to hit)
You shoot an arrow.
The arrow hits the ogre but does no damage.
The ogre is moderately wounded.
The ogre hits you with a +0 giant club!!
Ouch! That really hurt!
* * * LOW HITPOINT WARNING * * *
Fire: b) +0 shortbow
Press: ? - help, Q - select action, (/) - cycle Shift-Dir - straight line, f/p - ogre
Aim: an ogre, wielding a +0 giant club (moderately wounded, 79% to hit)
You shoot an arrow. The arrow hits the ogre.
The ogre is heavily wounded.
You hear the slow hiss of an avalanche of sand nearby.
The ogre hits you with a +0 giant club!
You die...

## ........#.###
............. .
.............# ..
.............###...
..........#<.......
.........##........
##..........O......
#..........@.##.#.
.............#.
.......<.........
.................
##..############...
#. .. . .


You could see an ogre.

Vanquished Creatures
  A scorpion (D:5)
  A hound (D:4)
  2 iguanas (D:4)
  6 adders
  2 dart slugs
  5 ball pythons
  6 bats
  8 endoplasms
  3 giant cockroaches
  7 goblins
  9 hobgoblins
  4 kobolds
  2 quokkas (D:1)
  2 frilled lizards
  A rat (D:2)
59 creatures vanquished.

Vanquished Creatures (others)
  9 toadstools (D:5)
9 creatures vanquished.

Grand Total: 68 creatures vanquished

Notes
Turn   | Place    | Note
-------+----------+-------------------------------------------
     0 | D:1      | avis the Demigod Hunter began the quest for the Orb.
     0 | D:1      | Reached XP level 1. HP: 17/17 MP: 3/3
   306 | D:1      | Reached XP level 2. HP: 24/24 MP: 4/4
  1016 | D:2      | Reached XP level 3. HP: 29/29 MP: 5/5
  1138 | D:2      | Reached skill level 1 in Stealth
  3045 | D:4      | Reached XP level 4. HP: 37/37 MP: 6/6
  3569 | D:5      | Entered Level 5 of the Dungeon
  3602 | D:4      | Reached XP level 5. HP: 42/46 MP: 7/7
  3610 | D:5      | Found a staircase to the Ecumenical Temple.
  3655 | D:5      | Noticed an ogre
  3662 | D:5      | Slain by an ogre

Illustrated notes

Levels and vault maps discovered:
D:1:      amcnicky_arrival_double_pillar, layout_loops_corners
D:2:      layout_basic
D:3:      layout_loops_cross, grunt_dithmenos_smoke_and_mirrors,
          okawaru_metal_pillars_1_2, serial_co_window_serial,
          co_window_corner_a, co_window_of_opportunity_a,
          co_window_of_opportunity_a, co_window_of_opportunity_a,
          co_window_paths_a, co_window_unsneaky_path_d,
          co_window_of_opportunity_b, co_window_2corner,
          co_window_of_opportunity_b, glass_columns_a, glass_columns_b,
          minmay_misc_feat_cross
D:4:      layout_loops_ring, lightli_temple_of_fire
D:5:      cheibrodos_fertilizer, layout_cave_pools,
          minmay_temple_entry_from_below_a, nicolae_ossuary_entry_monument,
          serial_gnoll_camp, gnoll_camp_medium_01, gnoll_camp_huts_basic,
          gnoll_camp_mini_basic, gnoll_camp_mini_hut, gnoll_camp_mini_house

Skill      XL: |  1  2  3  4  5 |
---------------+----------------+-----
Fighting       | 2 3 4 |  4.0
Ranged Weapons | 4 |  4.5
Dodging        | 2 3 |  3.0
Stealth        | 2 |  2.0

Action                     |  1- 3 |  4- 6 || total
---------------------------+-------+-------++-------
   Fire: Shortbow          |    98 |    50 ||   148
 Armour: Leather armour    |     8 |     6 ||    14
  Dodge: Dodged            |    22 |    12 ||    34

Table legend: (Time is in decaauts)
 A = Elapsed time spent in this place.
 B = Non-inter-level travel time spent in this place.
 C = Inter-level travel time spent in this place.
 D = Time resting spent in this place.
 E = Time spent auto-exploring this place.
 F = Levels seen in this place.
 G = Mean time per level.
                   A        B        C        D        E       F      G
               +--------+--------+--------+--------+--------+-----+--------+
         Total |   3714 |   3250 |    464 |     22 |   2655 |   5 |  742.8 |
       Dungeon |   3714 |   3250 |    464 |     22 |   2655 |   5 |  742.8 |
               +--------+--------+--------+--------+--------+-----+--------+

Top non-repeatable levels by time:
     D:2: 1138 daAuts
     D:1: 955 daAuts
     D:3: 875 daAuts
     D:4: 699 daAuts
     D:5: 46 daAuts
